 Dungeon Crawl Stone Soup version 0.23.2-40-g277498a001 (webtiles) character file.

Game seed: 5132236712620950401

777 Descartes the Gusty (level 7, -5/35 HPs)
             Began as a Vine Stalker Air Elementalist on Aug 31, 2019.
             Slain by a mummy (12 damage)
             ... in an ossuary.
             The game lasted 00:17:09 (5529 turns).

Descartes the Gusty (Vine Stalker Air Elementalist) Turns: 5529, Time: 00:17:10

Health: -5/35      AC:  6    Str: 10    XL:     7   Next: 84%
Magic:  0/14       EV: 12    Int: 17    God:
Gold:   229        SH:  0    Dex: 15    Spells: 2/14 levels left

rFire    . . .     SeeInvis .   y - +2 quarterstaff (chaos)
rCold    . . .     Gourm    .   (shield currently unavailable)
rNeg     . . .     Faith    .   t - +0 leather armour
rPois    +         Spirit   +   (no helmet)
rElec    .         Reflect  .   n - +1 cloak {rPois}
rCorr    +         Harm     .   (no gloves)
MR       .....                  f - +0 pair of boots
Stlth    ++........             (no amulet)
HPRegen  0.51/turn              i - ring of wizardry
MPRegen  0.14/turn              a - ring of resist corrosion

@: no status effects
A: fangs 2, regeneration 1, magic shield, antimagic bite, no potion heal 3, rot
immunity
a: no special abilities


You were in an ossuary.
You were not hungry.

You visited 1 branch of the dungeon, and saw 6 of its levels.
You also visited: Ossuary.

You collected 229 gold pieces.

Inventory:

Hand Weapons
 o - a +0 short sword
 w - a +0 falchion
 y - a +2 quarterstaff of chaos (weapon)
Missiles
 g - 204 stones (quivered)
 j - 2 tomahawks
 l - 20 bolts
 p - 7 poisoned needles
 q - 21 arrows
Armour
 f - a +0 pair of boots (worn)
 h - a +0 large shield
 n - a +1 cloak of poison resistance (worn)
 t - a +0 leather armour (worn)
Magical Staves
 z - an uncursed staff of energy
Jewellery
 a - a ring of resist corrosion (right hand)
 i - a ring of wizardry (left hand)
Wands
 v - a wand of paralysis (8)
 A - a wand of iceblast (6)
Scrolls
 b - 3 scrolls of blinking {unknown}
 e - a scroll of amnesia {unknown}
 k - a scroll of teleportation {unknown}
 s - 3 scrolls of remove curse
 u - a scroll of enchant armour {unknown}
 x - a scroll of silence {unknown}
Potions
 d - a potion of mutation {unknown}
 m - 4 potions of curing
 r - 2 potions of magic
Comestibles
 c - 12 rations


   Skills:
 + Level 2.0 Fighting
 + Level 1.6 Armour
 + Level 2.3 Dodging
 + Level 4.0 Stealth
 + Level 1.6 Shields
 + Level 2.0 Unarmed Combat
 * Level 4.0 Spellcasting
 * Level 3.2 Conjurations
 + Level 0.7 Charms
 * Level 4.4 Air Magic
 + Level 0.7 Evocations


You had 2 spell levels left.
You knew the following spells:

 Your Spells              Type           Power        Failure   Level  Hunger
a - Shock                 Conj/Air       ###.         1%          1    None
b - Airstrike             Air            ###.......   13%         4    ####...
c - Swiftness             Chrm/Air       ##......     4%          2    ##.....
d - Lightning Bolt        Conj/Air       ###.......   41%         5    ######.

Your spell library contained the following spells:

 Spells                   Type           Power        Failure   Level  Hunger
 Static Discharge         Conj/Air       ###.....     5%          3    ###....


Dungeon Overview and Level Annotations

Branches:
Dungeon (6/15)
 Temple: D:4-7

Altars:
Gozag

Annotations:
D:4 Edmund


Innate Abilities, Weirdness & Mutations

You have extremely sharp teeth.
Your natural rate of healing is unusually fast.
When hurt, damage is shared between your health and your magic reserves.
Your bite disrupts and absorbs the magic of your enemies.
Potions cannot restore your health.
You are immune to rotting.


Message History

There is an open door here.
The helpless orc skeleton fails to defend itself.
You sock the orc skeleton!
You destroy the orc skeleton!
There is a sand-covered staircase here.
The world spins around you as you enter the gateway.
You enter an ossuary! 3 mummies come into view.
Found a gate leading back out of this place.
There is an empty arch of ancient stone here.
The mummy misses you. The mummy barely misses you.
You barely miss the mummy. The mummy barely misses you. The mummy hits you.
You hit the mummy but do no damage. You barely miss the mummy.
Your bite misses the mummy. The mummy hits you! x2
The mummy barely misses you.
Your leather armour prevents you from hitting the mummy.
The mummy hits you! The mummy hits you but does no damage. The mummy hits you!
* * * LOW HITPOINT WARNING * * *
You completely miss the mummy. Your bite misses the mummy. The mummy hits you!
You die...

##+##
#...#
#.∩.#
#...#
#.∩.#
##...##
#.@M..#
#M#M#.#
#######


You could see 3 mummies.

Vanquished Creatures
  2 elf zombies (D:6)
  A scorpion (D:6)
  A centaur zombie (D:5)
  A gnoll shaman (D:3)
  2 human zombies (D:6)
  2 hounds
  Crazy Yiuf (D:5)
  An iguana (D:5)
  A bullfrog skeleton (D:4)
  2 human skeletons (D:6)
  2 worker ants
  A howler monkey zombie (D:5)
  5 gnolls
  8 adders
  4 worms
  2 dart slugs
  A leopard gecko (D:3)
  4 orcs
  A ball python (D:3)
  4 giant cockroaches
  10 goblins
  4 hobgoblins
  12 jackals
  A quokka (D:2)
  3 bats
  4 frilled lizards
  4 kobolds
  2 orc skeletons (D:6)
  13 rats
99 creatures vanquished.

Notes
Turn   | Place    | Note
-------+----------+-------------------------------------------
     0 | D:1      | Descartes the Vine Stalker Air Elementalist began the quest
                  | for the Orb.
     0 | D:1      | Reached XP level 1. HP: 9/9 MP: 4/4
   623 | D:1      | Reached XP level 2. HP: 9/13 MP: 4/6
  1335 | D:2      | Reached XP level 3. HP: 16/17 MP: 4/7
  1644 | D:2      | Gained mutation: Your natural rate of healing is unusually
                  | fast. [Vine Stalker growth]
  1644 | D:2      | Reached XP level 4. HP: 21/21 MP: 4/9
  1756 | D:2      | Reached skill level 1 in Fighting
  1856 | D:2      | Learned a level 4 spell: Airstrike
  2272 | D:3      | Reached XP level 5. HP: 23/25 MP: 3/10
  2491 | D:3      | Found an opulent altar of Gozag.
  2604 | D:3      | Reached skill level 1 in Armour
  2630 | D:3      | Reached skill level 1 in Unarmed Combat
  2713 | D:3      | Reached skill level 1 in Shields
  2829 | D:3      | Reached XP level 6. HP: 30/30 MP: 5/11
  4316 | D:5      | Entered Level 5 of the Dungeon
  4592 | D:5      | Noticed Edmund
  4812 | D:5      | Reached XP level 7. HP: 31/33 MP: 13/13
  4825 | D:5      | Learned a level 2 spell: Swiftness
  4831 | D:5      | Learned a level 5 spell: Lightning Bolt
  4905 | D:5      | Found a runed translucent door.
  4906 | D:5      | Noticed Crazy Yiuf
  4961 | D:5      | Killed Crazy Yiuf
  5517 | D:6      | Found a sand-covered staircase.
  5522 | Ossuary  | Entered an ossuary
  5529 | Ossuary  | Slain by a mummy

Skill      XL: |  1  2  3  4  5  6  7 |
---------------+----------------------+-----
Stealth        | 3 4 |  4.0
Fighting       | 1 2 |  2.0
Spellcasting   | 3 4 |  4.0
Armour         | 1 |  1.6
Unarmed Combat | 1 2 |  2.0
Dodging        | 2 |  2.3
Conjurations   | 2 3 |  3.2
Shields        | 1 |  1.6
Air Magic      | 4 |  4.4
Charms         | |  0.7
Evocations     | |  0.7

Action                   |  1- 3 |  4- 6 |  7- 9 || total
-------------------------+-------+-------+-------++-------
Melee: Unarmed           |    32 |       |     2 ||    34
       Bite              |    10 |    24 |    23 ||    57
       Short sword       |       |    57 |       ||    57
       Punch             |       |     1 |       ||     1
       Falchion          |       |    26 |     6 ||    32
       Quarterstaff      |       |       |    87 ||    87
       Staff             |       |       |     2 ||     2
 Cast: Shock             |    57 |   188 |     3 ||   248
Evoke: Wand              |       |       |     1 ||     1
  Use: Scroll            |       |     4 |     2 ||     6
 Stab: Paralysed         |       |       |     5 ||     5
       Distracted        |       |       |     1 ||     1
       Sleeping          |       |       |     1 ||     1
  Eat: Chunk             |     3 |     9 |       ||    12
       Ration            |       |       |     1 ||     1
Armor: Robe              |     9 |     6 |       ||    15
       Leather armour    |       |    33 |    30 ||    63
Dodge: Dodged            |    31 |    89 |    28 ||   148
       Rpst.: Falchion   |       |     6 |       ||     6
